[Event "Titled Tuesday Blitz November 08 Late 2022"]
[White "Mikhalsky, Vladimir"]
[Black "Sohal, Tanraj"]
[WhiteFideId "14144352"]
[BlackFideId "2608499"]
[WhiteElo "2271"]
[BlackElo "2200"]
[Result "1-0"]
[Round "05"]
[TimeControl "180+1"]
[Date "2022.11.09"]
[WhiteClock "0:00:36"]
[BlackClock "0:00:01"]

1. d4 Nf6 2. c4 g6 3. f3 Bg7 4. e4 d6 5. Nc3 O-O 6. Be3 c5 7. Nge2 cxd4 8. Nxd4 Nc6 9. Qd2 a6 10. Be2 Qc7 11. O-O Nxd4 12. Bxd4 Be6 13. Nd5 Bxd5 14. exd5 Nh5 15. f4 Bxd4+ 16. Qxd4 Ng7 17. Bg4 b5 18. Rac1 b4 19. Rfe1 f5 20. Bd1 Rac8 21. Ba4 Nh5 22. Bc6 Nf6 23. Rc2 Ne4 24. Rxe4 fxe4 25. Qxe4 e5 26. fxe5 Qa7+ 27. c5 dxc5 28. Qc4 Qf7 29. e6 Qe7 30. Qxc5 Qf6 31. Qc4 Kh8 32. h3 Rcd8 33. Qxb4 Rb8 34. Qc3 Kg7 35. e7 Rfc8 36. d6 Qxc3 37. Rxc3 Rxb2 38. d7 Rb1+ 39. Kh2 1-0


[Site "https://www.chess.com"]

[Event "Titled Tuesday Blitz November 08 Late 2022"]
[White "Moskvin, Anatoly"]
[Black "Bluebaum, Matthias"]
[WhiteFideId "24199990"]
[BlackFideId "24651516"]
[WhiteElo "2079"]
[BlackElo "2633"]
[Result "0-1"]
[Round "05"]
[TimeControl "180+1"]
[Date "2022.11.08"]
[WhiteClock "0:00:03"]
[BlackClock "0:00:31"]

1. e4 e6 2. Nf3 d5 3. e5 c5 4. b4 b6 5. c3 Nc6 6. b5 Na5 7. d3 a6 8. bxa6 Bxa6 9. Be2 Ne7 10. h4 Qc7 11. h5 h6 12. a4 c4 13. d4 Nb3 14. Ra2 Nxc1 15. Qxc1 Nc6 16. Na3 Bxa3 17. Qxa3 Qe7 18. Kd2 Qxa3 19. Rxa3 Kd7 20. Rb1 Rhb8 21. Bd1 f6 22. Ke3 Kc7 23. Bc2 Bc8 24. Rba1 Bd7 25. Kf4 Rf8 26. Ke3 Ra5 27. g3 Rfa8 28. Kf4 b5 29. Rb1 Rb8 30. Raa1 b4 31. cxb4 Nxb4 32. Bg6 Rxa4 33. Rxa4 Bxa4 34. Ra1 Ra8 35. Ne1 Ra6 36. Ke3 f5 37. Kd2 Bd7 38. Rxa6 Nxa6 39. Kc3 Kb6 40. Nc2 Nc7 41. Kb4 Nb5 42. Ne3 Nxd4 43. f4 Nc6+ 44. Ka3 Kc5 45. Kb2 d4 46. Nc2 d3 47. Ne3 Kd4 48. Nd1 Na7 49. Nc3 Nb5 50. Nd1 c3+ 51. Kb3 c2 0-1


[Site "https://www.chess.com"]

[Event "Titled Tuesday Blitz November 08 Late 2022"]
[White "Mr_Penings"]
[Black "Holt, Conrad"]
[BlackFideId "2034387"]
[WhiteElo "2694"]
[BlackElo "2592"]
[Result "0-1"]
[Round "05"]
[TimeControl "180+1"]
[Date "2022.11.08"]
[WhiteClock "0:00:03"]
[BlackClock "0:00:10"]

1. c4 c6 2. Nf3 d5 3. e3 Nf6 4. Nc3 Nbd7 5. b3 e5 6. Bb2 a6 7. Be2 Bd6 8. Qc2 O-O 9. Rg1 e4 10. Nd4 Bxh2 11. Rh1 Be5 12. Na4 c5 13. Nf5 dxc4 14. bxc4 Re8 15. Nc3 Nf8 16. g4 Ne6 17. O-O-O Bd7 18. f4 exf3 19. Bxf3 Ng5 20. Be2 Bc6 21. Rhf1 Nfe4 22. d4 cxd4 23. exd4 Bf6 24. d5 Bd7 25. Bd3 Bxf5 26. Rxf5 Bxc3 27. Bxc3 Nxc3 28. Qxc3 Rc8 29. d6 g6 30. Rd5 Rc6 31. d7 Re3 32. Qd4 Rh3 33. Re1 Ne6 34. Qe5 Rc7 35. Qd6 Kg7 36. Kd2 Rc6 37. Qe5+ Kg8 38. Rf1 h6 39. Qe4 Rc7 40. Rxf7 Kxf7 41. Qxg6+ Ke7 42. Re5 Qxd7 43. Qh7+ Kd8 44. Qg8+ Qe8 45. Qxe8+ Kxe8 46. Rxe6+ Re7 47. Bg6+ Kf8 48. Rf6+ Kg7 49. Rb6 Rh2+ 50. Kc3 Rxa2 51. Bf5 Ra3+ 52. Kb4 Rae3 53. Rg6+ Kf7 54. Rxh6 R3e5 55. Rh7+ Kf6 56. Rh6+ Kg5 57. Rg6+ Kf4 58. Rg8 a5+ 59. Ka4 Rc7 60. Kb3 b5 61. cxb5 Rxb5+ 62. Ka4 Re5 63. Rf8 Rc4+ 64. Kb3 Rb4+ 65. Kc3 Kg5 66. Rg8+ Kf6 67. Rf8+ Kg7 68. Rc8 Re3+ 69. Kd2 Ra3 70. Rc7+ Kf6 71. Rc6+ Kg5 72. Rc2 Rf4 73. Rc5 Rf2+ 74. Ke1 Rh2 0-1


[Site "https://www.chess.com"]

[Event "Titled Tuesday Blitz November 08 Late 2022"]
[White "Musovic, Armin"]
[Black "Harvey, Marcus R"]
[WhiteFideId "939935"]
[BlackFideId "400092"]
[WhiteElo "2288"]
[BlackElo "2457"]
[Result "0-1"]
[Round "05"]
[TimeControl "180+1"]
[Date "2022.11.09"]
[WhiteClock "0:00:15"]
[BlackClock "0:00:15"]

1. a3 d5 2. d4 Nf6 3. Nf3 Bf5 4. c4 c6 5. Nc3 e6 6. g3 h6 7. Bg2 dxc4 8. O-O Nbd7 9. a4 a5 10. Nd2 Nb6 11. e4 Bh7 12. Ndb1 Bb4 13. f3 O-O 14. Be3 c5 15. dxc5 Nbd7 16. Na3 Nxc5 17. Nxc4 Qxd1 18. Rfxd1 Nb3 19. Rab1 Rfd8 20. Nb6 Rxd1+ 21. Rxd1 Rb8 22. Kf1 g5 23. g4 Bc5 24. Bxc5 Nxc5 25. Nb5 Kg7 26. Ke2 h5 27. h3 h4 28. Ke3 e5 29. Rd6 Ne6 30. Nc4 Rc8 31. Nxe5 Nf4 32. Rd2 Rc1 33. Nd3 Nxd3 34. Kxd3 Nd7 35. Rc2 Nc5+ 36. Kd2 Nb3+ 37. Kc3 Rxc2+ 38. Kxc2 Nc5 39. b3 Kf6 40. Nd6 Ke5 41. Nc4+ Kf4 42. Nxa5 Kg3 43. Bf1 Kf2 44. Bb5 Kg2 45. b4 Ne6 46. Nxb7 Kxh3 47. Bf1+ Kg3 48. a5 Kf2 49. Bh3 Kxf3 50. Nd6 Kg3 51. b5 Kxh3 52. b6 Nc5 53. Kc3 Kg3 54. Kd4 Nb3+ 55. Ke3 Nxa5 56. Kd3 h3 57. Nc4 Nxc4 58. b7 Ne5+ 59. Kd4 Nd7 60. Kd5 h2 61. Kd6 Nb8 62. Kc7 h1=Q 63. Kd8 0-1


[Site "https://www.chess.com"]

[Event "Titled Tuesday Blitz November 08 Late 2022"]
[White "Myers, Dominique"]
[Black "Aqib Javaid Butt"]
[WhiteFideId "2041715"]
[BlackFideId "7801262"]
[WhiteElo "1986"]
[BlackElo "1659"]
[Result "1-0"]
[Round "05"]
[TimeControl "180+1"]
[Date "2022.11.09"]
[WhiteClock "0:00:53"]
[BlackClock "0:00:07"]

1. e4 e5 2. Nf3 Nf6 3. Qe2 Nc6 4. c3 Bc5 5. Nxe5 Nxe5 6. d4 Qe7 7. dxc5 Qxc5 8. f4 Nc6 9. e5 Nd5 10. Nd2 Nxf4 11. Qe4 Qxe5 12. Bb5 Qxe4+ 13. Nxe4 Ne6 14. O-O O-O 15. Ng3 a6 16. Bd3 Nc5 17. Bc2 d6 18. Be3 Be6 19. b3 Rad8 20. Rae1 Rfe8 21. Bc1 g6 22. Bb2 Ne5 23. Ba1 Ncd3 24. Rd1 Nc5 25. b4 Ncd7 26. Ne4 Kg7 27. h4 Bf5 28. c4 Bxe4 29. Bxe4 f5 30. Bxb7 Rb8 31. Bc6 Re7 32. b5 axb5 33. cxb5 Kh6 34. Rc1 Nc5 35. Bd4 Ncd3 36. Be3+ f4 37. Bxf4+ Nxf4 38. Rxf4 Nd3 39. Rfc4 Nxc1 40. Rxc1 Rf8 41. a4 Rf4 42. a5 Rxh4 43. a6 Ra4 44. Rb1 Re2 45. b6 Rxa6 46. b7 Rxc6 47. b8=Q Rcc2 48. Qf8+ Kg5 49. Qf3 Rf2 50. Qg3+ Kh6 1-0


[Site "https://www.chess.com"]

[Event "Titled Tuesday Blitz November 08 Late 2022"]
[White "Oglaza, Oskar"]
[Black "Souleidis, Georgios"]
[WhiteFideId "1194402"]
[BlackFideId "4206827"]
[WhiteElo "2204"]
[BlackElo "2401"]
[Result "1-0"]
[Round "05"]
[TimeControl "180+1"]
[Date "2022.11.09"]
[WhiteClock "0:00:12"]
[BlackClock "0:00:04"]

1. e4 c5 2. Nf3 e6 3. d4 cxd4 4. Nxd4 Nf6 5. Bd3 d5 6. exd5 Nxd5 7. O-O Be7 8. a3 O-O 9. c4 Nf6 10. Nc3 Nbd7 11. Bc2 Ne5 12. b3 Bd7 13. h3 a6 14. Re1 Nc6 15. Be3 Qc7 16. Qf3 Nxd4 17. Bxd4 Bc6 18. Qe3 Rfe8 19. Be5 Qc8 20. Qg5 h6 21. Qg3 Rd8 22. Ne4 Ne8 23. f4 f6 24. Bc3 f5 25. Nf2 Bf6 26. Rad1 Bxc3 27. Qxc3 Rxd1 28. Nxd1 Nf6 29. Qe5 Ne4 30. Nf2 Nxf2 31. Kxf2 Kf7 32. g4 g6 33. gxf5 gxf5 34. Rg1 Qf8 35. Qc7+ Ke8 36. Rg6 Qf7 37. Qxf7+ Kxf7 38. Rxh6 Rd8 39. Ke3 Kg7 40. Rh5 Kf6 41. Rg5 Rh8 42. Rg3 Rh4 43. b4 e5 44. fxe5+ Kxe5 45. Kd3 f4 46. Rg5+ Kf6 47. Rg8 Rxh3+ 48. Kd4 Kf7 49. Rg4 f3 50. Rf4+ Ke7 51. Be4 Bxe4 52. Kxe4 f2 53. Rxf2 Rxa3 54. Kd5 Rd3+ 55. Kc5 Rc3 56. Rf4 Kd7 57. Kb6 Rb3 58. c5 a5 59. Kxa5 Kc6 60. Rf6+ Kc7 61. Kb5 Rb1 62. Rf7+ Kb8 63. Ka5 Ka7 64. c6 Ra1+ 65. Kb5 Rc1 66. Rxb7+ Ka8 67. Rh7 Kb8 68. Kb6 Kc8 69. Rh8# 1-0


[Site "https://www.chess.com"]

[Event "Titled Tuesday Blitz November 08 Late 2022"]
[White "Onslow, Alfie"]
[Black "Arencibia Monduy, Antonio"]
[WhiteFideId "436976"]
[BlackFideId "3507939"]
[WhiteElo "2015"]
[BlackElo "2448"]
[Result "0-1"]
[Round "05"]
[TimeControl "180+1"]
[Date "2022.11.09"]
[WhiteClock "0:00:09"]
[BlackClock "0:00:07"]

1. e4 c5 2. Nc3 d6 3. d4 cxd4 4. Qxd4 Nc6 5. Qd2 Nf6 6. b3 g6 7. Bb2 Bg7 8. O-O-O O-O 9. f3 a6 10. g4 b5 11. h4 h5 12. gxh5 Nxh5 13. Nge2 Rb8 14. Bh3 Bxh3 15. Rxh3 Ne5 16. f4 Nc4 17. bxc4 bxc4 18. Na4 Rxb2 19. Nxb2 Qb6 20. c3 Rb8 21. Rf3 e5 22. Qc2 exf4 23. Nxc4 Qc5 24. Nb2 Be5 25. Qa4 Ng3 26. Nxg3 Bxc3 27. Nc4 Bb2+ 28. Kc2 fxg3 29. Rxg3 Qf2+ 30. Rd2 Qxg3 31. Nxb2 Rc8+ 32. Nc4 Qf4 33. Qb3 Qxe4+ 34. Kb2 Rxc4 35. Rxd6 Rb4 36. Rd8+ Kg7 37. Rd3 Rxb3+ 38. Rxb3 Qxh4 39. Rc3 Qf2+ 40. Rc2 Qb6+ 41. Kc1 g5 42. Rg2 f6 43. Rg4 Qc5+ 44. Rc4 Qxc4+ 0-1


[Site "https://www.chess.com"]

[Event "Titled Tuesday Blitz November 08 Late 2022"]
[White "Pakleza, Zbigniew"]
[Black "Sourath Biswas"]
[WhiteFideId "1119290"]
[BlackFideId "35091484"]
[WhiteElo "2411"]
[BlackElo "2164"]
[Result "1-0"]
[Round "05"]
[TimeControl "180+1"]
[Date "2022.11.09"]
[WhiteClock "0:00:12"]
[BlackClock "0:00:01"]

1. d4 Nf6 2. Nf3 g6 3. Bf4 Bg7 4. e3 O-O 5. Be2 d6 6. h3 c5 7. c3 b6 8. Nbd2 Bb7 9. a4 a6 10. O-O Nbd7 11. Bh2 Ne4 12. Nxe4 Bxe4 13. Nd2 Bb7 14. Qb3 Qc7 15. Rfd1 Rab8 16. Bg3 Nf6 17. Qa3 Ne4 18. Nxe4 Bxe4 19. Bxa6 c4 20. Qb4 Bc2 21. Bxc4 Bxd1 22. Rxd1 Qa7 23. Bb5 Rfc8 24. Qa3 Ra8 25. c4 Qb7 26. Qd3 d5 27. b3 e6 28. Kh2 h5 29. Re1 Qe7 30. Kh1 h4 31. Bh2 Qb4 32. Rd1 Rd8 33. Bc7 Rdc8 34. Bxb6 dxc4 35. bxc4 e5 36. Rb1 Qd6 37. c5 Qd5 38. Bc4 Qc6 39. a5 exd4 40. exd4 Qf6 41. d5 Qxf2 42. d6 Be5 43. Rf1 Qb2 44. Qxg6+ Kh8 45. Qh6+ Kg8 46. Bxf7# 1-0


[Site "https://www.chess.com"]

[Event "Titled Tuesday Blitz November 08 Late 2022"]
[White "Pap, Gyula"]
[Black "Nakamura, Hikaru"]
[WhiteFideId "725323"]
[BlackFideId "2016192"]
[WhiteElo "2519"]
[BlackElo "2909"]
[Result "0-1"]
[Round "05"]
[TimeControl "180+1"]
[Date "2022.11.08"]
[WhiteClock "0:00:01"]
[BlackClock "0:00:39"]

1. d4 g6 2. e4 Bg7 3. h4 c5 4. dxc5 Qa5+ 5. c3 Qxc5 6. Be3 Qc7 7. h5 Nf6 8. h6 Bf8 9. Nd2 d6 10. Be2 e5 11. Nh3 Be7 12. Ng5 O-O 13. O-O d5 14. Qb3 Nc6 15. Rac1 Nxe4 16. Ndxe4 dxe4 17. Nxe4 Na5 18. Qa4 Bd7 19. Bb5 Bxb5 20. Qxb5 a6 21. Bb6 axb5 22. Bxc7 Nc4 23. b3 Rfc8 24. bxc4 Rxc7 25. cxb5 f5 26. Ng3 Rxa2 27. Rfe1 Bc5 28. Re2 Rxe2 29. Nxe2 Rd7 30. Kf1 Rd2 31. f3 Be3 32. Rb1 Bxh6 33. c4 Be3 34. Rd1 Rxd1# 0-1


[Site "https://www.chess.com"]

[Event "Titled Tuesday Blitz November 08 Late 2022"]
[White "Papasimakopoulos, Alexandros"]
[Black "Poliakova, Varvara"]
[WhiteFideId "4244125"]
[BlackFideId "13518313"]
[WhiteElo "2365"]
[BlackElo "2099"]
[Result "1-0"]
[Round "05"]
[TimeControl "180+1"]
[Date "2022.11.09"]
[WhiteClock "0:00:16"]
[BlackClock "0:00:02"]

1. d4 f5 2. c4 d6 3. Nc3 Nf6 4. g3 g6 5. Bg2 Bg7 6. Nf3 O-O 7. O-O Nc6 8. d5 Ne5 9. Nxe5 dxe5 10. e4 e6 11. Bg5 h6 12. Bxf6 Qxf6 13. dxe6 Bxe6 14. Nd5 Qf7 15. exf5 gxf5 16. Qe2 c6 17. Nc3 Bxc4 18. Qc2 Bxf1 19. Rxf1 e4 20. Ne2 Be5 21. b3 Rad8 22. Qc5 Rd5 23. Qxa7 Rfd8 24. a4 Rd2 25. Re1 Qxb3 26. a5 Rxe2 27. Rxe2 Rd1+ 28. Bf1 Qb1 29. Kg2 Rxf1 30. Kh3 Rh1 31. f4 Qf1+ 32. Kh4 Rxh2+ 33. Rxh2 Qf3 34. Qa8+ Kh7 35. Qxb7+ Bg7 36. Kh3 e3 37. Qa6 Qg4+ 38. Kg2 e2 39. Rh1 Bc3 40. Qxc6 e1=Q 41. Qxh6+ Kg8 42. Rxe1 Bxe1 43. Qe6+ Kf8 44. Qxe1 Qg6 45. Qb4+ Ke8 46. Qb8+ Kd7 47. Qb7+ Ke8 48. Qc8+ Ke7 49. a6 Qd6 50. Qb7+ Kf6 51. Qb2+ Kg6 52. a7 Qd5+ 53. Kh2 Qf3 54. Qa2 Qf1 55. a8=Q Qb5 56. Q8g2 1-0


[Site "https://www.chess.com"]

[Event "Titled Tuesday Blitz November 08 Late 2022"]
[White "Piesik, Piotr"]
[Black "Mendez Fortes, Eduardo Jesus"]
[WhiteFideId "1136194"]
[BlackFideId "3502376"]
[WhiteElo "2316"]
[BlackElo "2307"]
[Result "1-0"]
[Round "05"]
[TimeControl "180+1"]
[Date "2022.11.09"]
[WhiteClock "0:01:08"]
[BlackClock "0:00:35"]

1. Nf3 d5 2. g3 Nf6 3. Bg2 e6 4. O-O c5 5. d3 Nc6 6. Nbd2 Be7 7. e4 O-O 8. Qe2 b5 9. e5 Nd7 10. c3 Qc7 11. Re1 a5 12. h4 h6 13. Nf1 b4 14. c4 dxc4 15. dxc4 Bb7 16. b3 Nd4 17. Nxd4 cxd4 18. Bxb7 Qxb7 19. Bb2 Bc5 20. Rad1 Rad8 21. Bxd4 Bxd4 22. Rxd4 Nc5 23. Red1 Rxd4 24. Rxd4 a4 25. Nd2 axb3 26. axb3 Qa8 27. Qd1 Qa2 28. Rd6 Qb2 29. Nf3 Nxb3 30. Rb6 Ra8 31. Kg2 Ra2 32. Rb8+ Kh7 33. Qd3+ g6 34. Ng5+ hxg5 35. Qf3 Ra7 36. Qf6 1-0


[Site "https://www.chess.com"]

[Event "Titled Tuesday Blitz November 08 Late 2022"]
[White "Pinheiro, Iung Alicio de O."]
[Black "Liu, Kelsey"]
[WhiteFideId "2104350"]
[BlackFideId "30944481"]
[WhiteElo "2283"]
[BlackElo "2336"]
[Result "1-0"]
[Round "05"]
[TimeControl "180+1"]
[Date "2022.11.09"]
[WhiteClock "0:00:09"]
[BlackClock "0:00:01"]

1. e4 c5 2. Nf3 e6 3. d3 Nc6 4. g3 g6 5. Bg5 Qb6 6. Nbd2 d5 7. Bg2 h6 8. Be3 d4 9. Nc4 Qd8 10. Bd2 Bg7 11. c3 Nge7 12. a4 e5 13. cxd4 exd4 14. Qc1 Nb4 15. Bxb4 cxb4 16. a5 Be6 17. b3 Rc8 18. Qd2 Nc6 19. O-O O-O 20. Ne1 Re8 21. f4 Qe7 22. Nf3 Qc5 23. Kh1 Bxc4 24. bxc4 Nxa5 25. Rfb1 Nc6 26. e5 a5 27. Qf2 Rcd8 28. Nd2 Qb6 29. Ne4 Ne7 30. Nd6 Rf8 31. Nxb7 Rb8 32. Nxa5 Nf5 33. Nb3 Ne3 34. Bd5 Nxd5 35. cxd5 Ra8 36. d6 Rfd8 37. Qf3 Rxa1 38. Rxa1 Bf8 39. Rc1 Qb5 40. Qe4 1-0


[Site "https://www.chess.com"]

[Event "Titled Tuesday Blitz November 08 Late 2022"]
[White "Pniaczek, Marek"]
[Black "Diaz Rosas, Julio Cesar"]
[WhiteFideId "21800421"]
[BlackFideId "5105099"]
[WhiteElo "2138"]
[BlackElo "2246"]
[Result "1/2-1/2"]
[Round "05"]
[TimeControl "180+1"]
[Date "2022.11.09"]
[WhiteClock "0:00:06"]
[BlackClock "0:00:07"]

1. e4 c5 2. Nf3 d6 3. Bb5+ Nd7 4. d4 cxd4 5. Qxd4 a6 6. Bxd7+ Qxd7 7. O-O e5 8. Qd3 Nf6 9. c4 b5 10. Na3 Rb8 11. Bg5 Be7 12. Rac1 O-O 13. cxb5 axb5 14. Nc2 Bb7 15. Bxf6 Bxf6 16. Nb4 Rfc8 17. Nd5 Qd8 18. Rxc8 Bxc8 19. Nd2 Bg5 20. Nb3 Be6 21. Rd1 b4 22. g3 h5 23. h4 Bxd5 24. Qxd5 Be7 25. Na5 Qc7 26. Nc6 Rc8 27. Nxe7+ Qxe7 28. Qxd6 Qxd6 29. Rxd6 Rc2 30. b3 Re2 31. f3 Rxa2 32. Rb6 Rb2 33. Rxb4 f6 34. Rb7 g5 35. hxg5 fxg5 36. Rb5 h4 37. gxh4 gxh4 38. Rxe5 Rxb3 39. Kf2 Rb2+ 40. Ke3 h3 41. Rh5 h2 42. Kf4 Rg2 43. Kf5 Kg7 44. f4 Ra2 45. e5 Rg2 46. Ke6 Kg6 47. Rh3 Rf2 48. Rg3+ Kh5 49. Rh3+ Kg4 50. Rh8 Kxf4 51. Kd6 Rd2+ 52. Ke6 Re2 53. Kf6 Rxe5 54. Rxh2 Re3 55. Rh4+ Kg3 56. Rh8 Rf3+ 57. Kg7 Rb3 58. Rg8 Kf3 59. Kf6 Rb4 60. Ke5 Rb5+ 61. Kd4 Rb7 62. Kd3 Rd7+ 63. Kc4 Rc7+ 64. Kd5 Rf7 65. Ke6 Rf4 66. Ke5 Re4+ 67. Kd5 Rf4 68. Ke5 Rb4 69. Kd5 Rb5+ 70. Kc4 Rh5 71. Rf8+ Ke3 72. Re8+ Kd2 73. Rd8+ Kc2 74. Rd5 Rh4+ 75. Rd4 Rh8 76. Rd5 Rc8+ 77. Rc5 Rd8 78. Rd5 Re8 79. Rc5 Kd2 80. Kd4 Rh8 81. Rd5 Rh4+ 82. Kc5+ Kc3 83. Kc6 Ra4 84. Rd6 Kc4 85. Kd7 Kc5 86. Rd1 Ra7+ 87. Ke6 Ra6+ 88. Ke5 Rh6 89. Rc1+ Kb4 90. Rb1+ Kc4 91. Rc1+ Kd3 92. Rd1+ Ke3 93. Rd6 Rh5+ 94. Ke6 Ke4 95. Rd8 Rh6+ 96. Kd7 Ke5 97. Re8+ Kd5 98. Re7 Ra6 99. Ke8 Kd6 100. Rd7+ Ke6 101. Re7+ Kf6 102. Rf7+ Ke5 103. Re7+ Kd5 104. Rd7+ 1/2-1/2


[Site "https://www.chess.com"]

[Event "Titled Tuesday Blitz November 08 Late 2022"]
[White "Polster, Christian"]
[Black "Ferreira, Vitor Hugo Vieira"]
[WhiteFideId "12965081"]
[BlackFideId "2119765"]
[WhiteElo "2209"]
[BlackElo "2168"]
[Result "0-1"]
[Round "05"]
[TimeControl "180+1"]
[Date "2022.11.09"]
[WhiteClock "0:00:02"]
[BlackClock "0:00:10"]

1. e4 c5 2. Nc3 Nc6 3. Nge2 g6 4. d4 cxd4 5. Nxd4 Bg7 6. Be3 Nf6 7. Bc4 O-O 8. Bb3 a5 9. Ndb5 a4 10. Nxa4 Qa5+ 11. Nac3 Nxe4 12. O-O Nxc3 13. Nxc3 e6 14. Bd2 Qf5 15. Na4 d5 16. Nb6 Ra6 17. Nxc8 Rxc8 18. c3 Na5 19. Bc2 Qf6 20. Bd3 Rb6 21. b3 Qe7 22. Rc1 Nc6 23. Be3 d4 24. cxd4 Rb4 25. d5 exd5 26. Bc5 Qd8 27. Bxb4 Nxb4 28. Rxc8 Qxc8 29. Bb1 d4 30. Re1 h5 31. Qd2 Nd5 32. a4 Nc3 33. Bd3 Kh7 34. Bc4 Qd7 35. Qf4 f5 36. h4 d3 37. Qd2 Ne4 38. Qxd3 Qe7 39. Re2 Qxh4 40. Bd5 Nc3 41. Re3 Qd8 42. Bc4 Qb6 43. Rg3 Ne4 44. Rf3 Bd4 45. Qe2 Bc5 46. Bd3 Ng5 47. Rg3 Ne6 48. Qe5 Qd6 49. Kh2 Qxe5 0-1


[Site "https://www.chess.com"]

[Event "Titled Tuesday Blitz November 08 Late 2022"]
[White "Postnikov, Daniil"]
[Black "Cabarkapa, Novak"]
[WhiteFideId "4166329"]
[BlackFideId "943746"]
[WhiteElo "2261"]
[BlackElo "2390"]
[Result "0-1"]
[Round "05"]
[TimeControl "180+1"]
[Date "2022.11.09"]
[WhiteClock "0:00:14"]
[BlackClock "0:00:14"]

1. e4 d5 2. exd5 Qxd5 3. Nc3 Qd6 4. d4 Nf6 5. Bd3 g6 6. Nge2 Bg7 7. Bf4 Qd8 8. O-O O-O 9. Qd2 b6 10. Ne4 Bb7 11. Nxf6+ Bxf6 12. c3 c5 13. Bh6 Re8 14. dxc5 bxc5 15. Rad1 Qc7 16. Nf4 c4 17. Be2 e6 18. Qe3 Nd7 19. Qg3 Be5 20. Qh4 Nf6 21. Rfe1 Ne4 22. Bf3 f5 23. g3 Bf6 24. Qh3 Rad8 25. Rxd8 Qxd8 26. Rd1 Qb6 27. Rd7 Qxf2+ 28. Kh1 Qxf3+ 29. Qg2 Qxg2+ 30. Nxg2 Nc5 31. Rc7 Rd8 32. Kg1 Rd1+ 33. Kf2 Nd3+ 34. Ke2 Bf3+ 35. Kxf3 Rf1+ 36. Ke3 g5 37. h4 Rf2 38. hxg5 Be5 39. Nf4 Bxc7 40. Nxe6 Bb6+ 41. Nd4 Rxb2 42. Kf3 Bxd4 43. cxd4 c3 44. g4 c2 45. g6 c1=Q 46. Bxc1 Nxc1 47. gxf5 hxg6 48. fxg6 Kg7 49. Ke4 Kxg6 50. Kd5 Rxa2 51. Kc6 Rd2 52. d5 a5 53. d6 a4 54. d7 Rxd7 55. Kxd7 a3 56. Kc6 a2 57. Kb5 a1=Q 58. Kc4 Ne2 59. Kb3 Qc3+ 60. Ka2 Qb4 61. Ka1 Kg5 62. Ka2 Kh4 63. Ka1 Kh3 64. Ka2 Kh2 65. Ka1 Kh1 66. Ka2 Kg1 0-1


[Site "https://www.chess.com"]

[Event "Titled Tuesday Blitz November 08 Late 2022"]
[White "Prem, Pranav"]
[Black "Manelyuk, Daniil"]
[WhiteFideId "30901057"]
[BlackFideId "44173920"]
[WhiteElo "1970"]
[BlackElo "2209"]
[Result "0-1"]
[Round "05"]
[TimeControl "180+1"]
[Date "2022.11.09"]
[WhiteClock "0:00:05"]
[BlackClock "0:00:07"]

1. d4 Nf6 2. c4 c5 3. d5 b5 4. cxb5 a6 5. bxa6 g6 6. Nc3 Bg7 7. e4 O-O 8. Nf3 Qa5 9. Bd2 d6 10. Be2 Bxa6 11. O-O Bxe2 12. Qxe2 Qa6 13. Qd1 Nbd7 14. Qc2 Rfb8 15. a4 Ne8 16. Bg5 Rb4 17. Bxe7 f6 18. Rfe1 Kf7 19. e5 dxe5 20. d6 Nxd6 21. Bxd6 Qxd6 22. Rad1 Qc6 23. b3 c4 24. Nb5 Rxb3 25. Rd6 Qc8 26. Red1 Nf8 27. Rd8 Qg4 28. Rxa8 Rxf3 29. Nd6+ Ke6 30. Re8+ Kd7 31. Rb8 Rd3 32. Rxd3 cxd3 33. Qxd3 Qd4 34. Qxd4 exd4 35. Nb5 Ne6 36. Kf1 f5 37. Rb7+ Kc6 38. Re7 Kd5 39. Ke2 Bh6 40. Kd3 Nc5+ 41. Kc2 Kc4 42. Nd6+ Kd5 43. Nb5 d3+ 44. Kd1 Bg5 45. Rd7+ Nxd7 46. a5 Nc5 47. Nc3+ Kc4 48. Nb1 Na6 49. Nd2+ Bxd2 50. Kxd2 Kd4 51. f3 f4 52. g3 g5 53. g4 h6 54. h3 Nb4 0-1


[Site "https://www.chess.com"]

[Event "Titled Tuesday Blitz November 08 Late 2022"]
[White "Putnam, Liam"]
[Black "Svane, Frederik"]
[WhiteFideId "30938279"]
[BlackFideId "12923044"]
[WhiteElo "2082"]
[BlackElo "2466"]
[Result "0-1"]
[Round "05"]
[TimeControl "180+1"]
[Date "2022.11.08"]
[WhiteClock "0:00:14"]
[BlackClock "0:00:19"]

1. e4 c5 2. Nf3 e6 3. d4 cxd4 4. Nxd4 Nc6 5. Nc3 a6 6. Nxc6 bxc6 7. Bd3 d5 8. O-O Nf6 9. e5 Nd7 10. Re1 Be7 11. Qg4 Kf8 12. Bf4 h5 13. Qf3 Bb7 14. Rad1 c5 15. h3 Rb8 16. b3 Nb6 17. Bh2 Kg8 18. a4 Qc7 19. Ne2 c4 20. bxc4 dxc4 21. Be4 Bxe4 22. Qxe4 Nxa4 23. Ra1 Nc5 24. Qxc4 g6 25. Nd4 Kg7 26. Bf4 Rhd8 27. Be3 Qc8 28. Ra5 Rd5 29. Nf3 Nd7 30. Qxc8 Rxc8 31. Rxa6 Rxc2 32. Ra7 Bc5 33. Bxc5 Rcxc5 34. Kh2 Nxe5 35. Ng5 Kf6 36. Ne4+ Kg7 37. Nxc5 Rxc5 38. f4 Nd3 39. Rxe6 Nxf4 40. Ree7 Rf5 41. g4 hxg4 42. hxg4 Rf6 43. Kg3 Ne6 44. Rab7 Kf8 45. Red7 g5 46. Rb8+ Kg7 47. Rbb7 Rf4 48. Rd5 Kg6 49. Rb6 Re4 50. Rf5 Re3+ 51. Rf3 Rxf3+ 52. Kxf3 Kf6 53. Ke4 Kg6 54. Ke5 Kg7 55. Kf5 Nd4+ 56. Kxg5 Ne6+ 57. Kf5 Nd4+ 58. Kf4 Ne6+ 59. Ke5 Ng5 60. Kf5 Nf3 61. g5 Nh4+ 62. Kg4 Ng6 63. Rb7 Nf8 64. Kf5 Ng6 65. Ra7 Nf8 66. Ra8 Ne6 67. Re8 Nf8 68. Re7 Ng6 69. Rc7 Nf8 70. Kg4 Ne6 71. Re7 Nf8 72. Kh5 Ng6 73. Rd7 Nf4+ 74. Kg4 Ne6 75. Rd6 Kg6 76. Rc6 Kg7 77. Kf5 Nd4+ 78. Ke5 Nxc6+ 79. Kf5 Ne7+ 80. Ke5 Kg6 81. Kf4 Nd5+ 82. Kg4 Nc7 83. Kf4 Ne6+ 84. Kg4 Nxg5 85. Kf4 Ne6+ 86. Kg4 Kf6 87. Kf3 Ke5 88. Ke3 f5 89. Kf3 f4 90. Kg4 Ke4 91. Kh3 f3 92. Kh2 Ke3 93. Kg1 Ke2 94. Kh2 f2 95. Kg3 Nc5 96. Kh4 f1=Q 97. Kh5 Qg2 98. Kh6 Kf3 99. Kh7 Kf4 100. Kh8 Kf5 0-1


[Site "https://www.chess.com"]

[Event "Titled Tuesday Blitz November 08 Late 2022"]
[White "Rasulov, Vugar"]
[Black "Hristodoulou, Panagiotis"]
[WhiteFideId "13402390"]
[BlackFideId "4214340"]
[WhiteElo "2509"]
[BlackElo "2272"]
[Result "1-0"]
[Round "05"]
[TimeControl "180+1"]
[Date "2022.11.08"]
[WhiteClock "0:01:27"]
[BlackClock "0:01:49"]

1. e4 e5 2. Nf3 Nc6 3. Bb5 g6 4. c3 a6 5. Ba4 Bg7 6. d4 exd4 7. cxd4 b5 8. Bc2 d6 9. d5 Na5 10. O-O Ne7 11. Bd2 Nc4 12. Bc3 Bxc3 13. Nxc3 O-O 14. b3 Na3 15. Bd3 c6 16. dxc6 Nxc6 17. Qc1 b4 18. Nd5 Bd7 19. Qh6 f6 20. Rac1 Nb5 21. h4 Ne5 22. Nxe5 dxe5 23. Bc4 Kh8 24. Bxb5 Bxb5 25. Rc7 Bd7 26. Rfc1 Rf7 27. Nxb4 Be6 28. Rxf7 Bxf7 29. h5 g5 30. Rc6 a5 31. Nd5 Bxd5 32. exd5 1-0


[Site "https://www.chess.com"]

[Event "Titled Tuesday Blitz November 08 Late 2022"]
[White "Reprintsev, Alexander"]
[Black "Han, Yichen"]
[WhiteFideId "14100541"]
[BlackFideId "1054430"]
[WhiteElo "2230"]
[BlackElo "2323"]
[Result "0-1"]
[Round "05"]
[TimeControl "180+1"]
[Date "2022.11.09"]
[WhiteClock "0:00:01"]
[BlackClock "0:01:18"]

1. e4 g6 2. d4 Bg7 3. Nc3 c5 4. dxc5 Qa5 5. Bd2 Qxc5 6. Nd5 Na6 7. Bxa6 bxa6 8. Bb4 Qc6 9. c3 e6 10. Ne3 Bb7 11. Nf3 O-O-O 12. O-O Qxe4 13. Qd6 Bf8 14. Qd4 Qxd4 15. Nxd4 Bxb4 16. cxb4 Nf6 17. Rac1+ Kb8 18. b5 axb5 19. Nxb5 Ba6 20. a4 d5 21. Rfd1 Bxb5 22. axb5 Rc8 23. Rc6 Nd7 24. b4 Ne5 25. Ra6 Rc7 26. Rda1 Rhc8 27. f4 Nd3 28. h3 Nxb4 29. R6a4 Rc1+ 30. Kh2 Rxa1 31. Rxa1 Nd3 32. Rb1 Kb7 0-1


[Site "https://www.chess.com"]

[Event "Titled Tuesday Blitz November 08 Late 2022"]
[White "Ristic, Nebojsa B"]
[Black "Dudzinski, Pawel"]
[WhiteFideId "935468"]
[BlackFideId "1117890"]
[WhiteElo "2320"]
[BlackElo "2086"]
[Result "1-0"]
[Round "05"]
[TimeControl "180+1"]
[Date "2022.11.09"]
[WhiteClock "0:01:58"]
[BlackClock "0:00:06"]

1. d4 d5 2. Bf4 e6 3. e3 Bd6 4. Bg3 c5 5. c3 Nc6 6. Nf3 Nf6 7. Nbd2 O-O 8. Bd3 b6 9. Qe2 Bb7 10. Rd1 Rc8 11. e4 Be7 12. e5 Nh5 13. a3 cxd4 14. cxd4 Na5 15. Nf1 g6 16. Ne3 Nc4 17. Ng4 Rc6 18. O-O Nxg3 19. fxg3 h5 20. Ne3 Nxe3 21. Qxe3 Kg7 22. Rf2 f5 23. exf6+ Bxf6 24. Rdf1 Qc7 25. Ne5 Bc8 26. Nxg6 Rf7 27. Ne5 Rf8 28. Rxf6 Rxf6 29. Qg5+ Rg6 30. Qxg6+ Kh8 31. Rf8# 1-0


[Site "https://www.chess.com"]